 Dungeon Crawl Stone Soup version 0.26-a0-664-gc8b27b8fc1 (webtiles) character file.

Game seed: 15040561366907806011

395 Baz the Changer (level 6, -4/42 HPs)
             Began as an Octopode Transmuter on Oct 13, 2020.
             Killed from afar by an orc wizard (8 damage)
             ... with a magic dart
             ... on level 4 of the Dungeon.
             The game lasted 00:06:21 (4808 turns).

Baz the Changer (Octopode Transmuter)               Turns: 4808, Time: 00:06:22

Health: -4/42      AC:  1    Str: 10    XL:     6   Next: 82%
Magic:  9/9        EV: 28    Int: 17    God:
Gold:   157        SH:  0    Dex: 12    Spells: 3/9 levels left

rFire    . . .     SeeInvis .     - Unarmed
rCold    . . .     Faith    .   (no shield)
rNeg     . . .     Spirit   .   (helmet restricted)
rPois    .         Reflect  .   c - amulet of the acrobat
rElec    .         Harm     .   (no ring)
rCorr    .         Rampage  .   (no ring)
MR       .....                  (no ring)
Stlth    ++........             (no ring)
HPRegen  0.14/turn              (no ring)
MPRegen  0.11/turn              (no ring)
                                (no ring)
                                (no ring)

@: lethally poisoned (-4 -> -6), acrobat, flying
A: almost no armour, stealthy swim, amphibious, 8 rings, constrict 8, camouflage
1, gelatinous body 1
a: no special abilities


You were on level 4 of the Dungeon.
You visited 1 branch of the dungeon, and saw 4 of its levels.

You collected 157 gold pieces.

Inventory:

Missiles
 d - 3 atropa-tipped darts (quivered)
 g - 7 poisoned darts
Armour
 f - a +0 tower shield
Jewellery
 c - an amulet of the acrobat (around mantle)
 l - an uncursed amulet of guardian spirit {unknown}
Wands
 i - a wand of flame (14)
Scrolls
 a - 2 scrolls of remove curse {unknown}
 b - 3 scrolls of identify {unknown}
 e - a scroll of blinking {unknown}
 h - a scroll of fear {unknown}
 j - a scroll of teleportation {unknown}
 k - a scroll of noise {unknown}
 n - a scroll of random uselessness {unknown}
Potions
 m - a potion of flight


   Skills:
 + Level 3.0 Fighting
 - Level 2.2 Dodging
 + Level 2.5 Shields
 + Level 4.2 Unarmed Combat
 - Level 2.0 Spellcasting
 * Level 4.6 Transmutations


You had 3 spell levels left.
You knew the following spells:

 Your Spells              Type           Power        Failure   Level
a - Beastly Appendage     Tmut           ###...       3%          1
b - Wereblood             Tmut           ###.....     4%          2
c - Spider Form           Tmut/Pois      #.........   22%         3

Your spell library contained the following spells:

 Spells                   Type           Power        Failure   Level
 Summon Small Mammal      Summ           #...         19%         1
 Call Imp                 Summ           #.......     28%         2
 Call Canine Familiar     Summ           #.......     50%         3
 Summon Guardian Golem    Hex/Summ       #.......     50%         3
 Ice Form                 Ice/Tmut       #.......     58%         4
 Blade Hands              Tmut           ###.......   63%         5
 Summon Ice Beast         Ice/Summ       #.......     88%         4
 Summon Lightning Spire   Summ/Air       #.......     88%         4


Dungeon Overview and Level Annotations

Branches:
Dungeon (4/15)
 Temple: D:4-7

Altars:


Innate Abilities, Weirdness & Mutations

You cannot wear most types of armour.
You are very stealthy in the water. (Stealth+)
You are amphibious.
You can wear up to eight rings at the same time.
You can use your tentacles to constrict eight enemies at once.
Your skin changes colour to match your surroundings (Stealth+).
Your rubbery body absorbs attacks. (AC +1, EV +1)


Message History

The adder poisons you!
Unknown command.
You tentacle-slap the adder.
The adder is moderately wounded.
You constrict the adder.
You feel sick. The adder bites you but does no damage.
You tentacle-slap the adder. x2
You kill the adder!
It was a potion of flight.
You feel very buoyant.
You fly up into the air.
You closely miss something. Your squeeze misses something.
You feel sick. Something hits you.
* * * LOW HITPOINT WARNING * * *
Unknown command.
Unknown command.
An orc wizard appears from thin air!
Reactivating autopickup.
The orc wizard gestures at you while chanting.
The magic dart hits you!
You die...

.......#..##.#### #...#
##.###.......# #...#
#......#..#### #...#
#........##### #...#
###.##.........# #...#
.........#.###.######..>########
...............................##
...........###........÷...#....##
..........†###..@..............##
......†.#....##.#####...####.....
#########.##)##o# #...# #...##
#........##.##.# #...# ######
#.#####....{).?# #...# #
........###.########...# #
#..#........##...<.....## ....
#..#?######.####.....#. ## .
.....#.# ####.###........## #.


You could see an orc wizard.

Vanquished Creatures
  2 scorpions (D:4)
  2 orc wizards (D:4)
  2 orc priests
  A worker ant (D:4)
  6 adders
  3 oozes
  A worm (D:2)
  A dart slug (D:2)
  3 leopard geckos
  9 orcs
  7 giant cockroaches
  7 goblins
  8 hobgoblins
  5 jackals (D:1)
  A quokka (D:4)
  2 ball pythons (D:2)
  7 bats
  6 frilled lizards
  3 kobolds
  4 rats (D:2)
80 creatures vanquished.

Notes
Turn   | Place    | Note
-------+----------+-------------------------------------------
     0 | D:1      | Baz the Octopode Transmuter began the quest for the Orb.
     0 | D:1      | Reached XP level 1. HP: 13/13 MP: 3/3
   204 | D:1      | Reached XP level 2. HP: 5/18 MP: 1/5
   787 | D:1      | Learned a level 2 spell: Wereblood
  1115 | D:1      | Reached XP level 3. HP: 20/23 MP: 3/6
  1494 | D:1      | Learned a level 3 spell: Spider Form
  1921 | D:2      | Reached XP level 4. HP: 29/29 MP: 5/7
  1924 | D:2      | Reached skill level 1 in Shields
  3233 | D:2      | Reached XP level 5. HP: 10/34 MP: 6/8
  4209 | D:4      | Reached XP level 6. HP: 23/41 MP: 3/9
  4808 | D:4      | Killed from afar by an orc wizard

Illustrated notes

Levels and vault maps discovered:
D:1:      lemuel_arrival_broad_hall, layout_basic
D:2:      layout_basic
D:3:      layout_rooms
D:4:      layout_loops_cross

Skill      XL: |  1  2  3  4  5  6 |
---------------+-------------------+-----
Transmutations | 3 4 |  4.6
Shields        | 1 2 |  2.5
Fighting       | 2 3 |  3.0
Unarmed Combat | 4 |  4.2
Dodging        | |  2.2
Spellcasting   | |  2.0

Action                   |  1- 3 |  4- 6 || total
-------------------------+-------+-------++-------
Melee: Unarmed           |    82 |   127 ||   209
       Constrict         |    24 |    23 ||    47
       Tentacles         |    12 |    15 ||    27
       Punch             |     3 |     2 ||     5
       Kick              |     3 |     6 ||     9
Throw: Dart              |       |     1 ||     1
 Cast: Beastly Appendage |     4 |     4 ||     8
       Wereblood         |     1 |       ||     1
       Spider Form       |       |     7 ||     7
  Use: Potion            |       |     2 ||     2
 Stab: Sleeping          |     4 |     9 ||    13
Armor: Skin              |    11 |     5 ||    16
Dodge: Dodged            |    57 |    81 ||   138

Table legend: (Time is in decaauts)
 A = Elapsed time spent in this place.
 B = Non-inter-level travel time spent in this place.
 C = Inter-level travel time spent in this place.
 D = Time resting spent in this place.
 E = Time spent auto-exploring this place.
 F = Levels seen in this place.
 G = Mean time per level.
                   A        B        C        D        E       F      G
               +--------+--------+--------+--------+--------+-----+--------+
         Total |   4798 |   4743 |     55 |   2498 |   1543 |   4 | 1199.5 |
       Dungeon |   4798 |   4743 |     55 |   2498 |   1543 |   4 | 1199.5 |
               +--------+--------+--------+--------+--------+-----+--------+

Top non-repeatable levels by time:
     D:2: 1617 daAuts
     D:1: 1511 daAuts
     D:3: 852 daAuts
     D:4: 816 daAuts
